 Dungeon Crawl Stone Soup version 0.30-a0-728-gc68057be0a (webtiles) character file.

Game seed: 13879893443597112805

19876 Hubris850 the Severer (level 12, -17/94 HPs)
             Began as a Hill Orc Fighter on Jan 30, 2023.
             Was a Priest of Qazlal.
             Demolished by an elephant (23 damage)
             ... on level 2 of the Lair of Beasts.
             The game lasted 00:29:35 (10771 turns).

Hubris850 the Severer (Hill Orc Fighter)           Turns: 10771, Time: 00:29:36

Health: -17/94     AC: 21    Str: 24    XL:     12   Next: 73%
Magic:  21/21      EV:  2    Int:  8    God:    Qazlal [***...]
Gold:   694        SH:  0    Dex: 16    Spells: 11/11 levels left

rFire   + + .      SeeInvis .    a - +0 war axe
rCold   . . .      Faith    .    g - +1 kite shield {rF+}
rNeg    . . .      Spirit   .    k - +0 plate armour
rPois   .          Reflect  .    d - +2 hat {Stlth+}
rElec   .          Harm     .    q - +0 cloak
rCorr   .          Rampage  .    j - +0 pair of gloves
Will    .....                    B - +2 pair of boots Stlth
                                 F - amulet of the acrobat
HPRegen 0.35/turn                K - ring of protection from fire
MPRegen 0.17/turn                L - +6 ring of dexterity

@: sleeping
A: no striking features
a: Renounce Religion, Upheaval, Elemental Force


You were on level 2 of the Lair of Beasts.
You worshipped Qazlal.
Qazlal was most pleased with you.
You visited 2 branches of the dungeon, and saw 11 of its levels.

You collected 694 gold pieces.

Inventory:

Hand Weapons
 a - a +0 war axe (weapon)
 p - a +3 quarterstaff of chaos
 z - a +1 hand axe of venom
Missiles
 r - 4 curare-tipped darts (quivered)
 t - 3 throwing nets
 H - 12 poisoned darts
Armour
 b - a +0 scale mail
 c - a +0 buckler
 d - a +2 hat of stealth (worn)
 g - a +1 kite shield of fire resistance (worn)
 j - a +0 pair of gloves (worn)
 k - a +0 plate armour (worn)
 q - a +0 cloak (worn)
 B - a +2 pair of boots (worn)
 D - a scarf of shadows
Magical Staves
 m - a staff of fire
Jewellery
 f - a ring of ice
 F - an amulet of the acrobat (around neck)
 K - a ring of protection from fire (left hand)
 L - a +6 ring of dexterity (right hand)
Wands
 o - a wand of flame (65)
 w - a wand of paralysis (16)
 y - a wand of iceblast (10)
 E - a wand of acid (11)
 G - a wand of digging (8)
 O - a wand of mindburst (2)
Scrolls
 e - 4 scrolls of amnesia
 h - 6 scrolls of magic mapping
 l - 2 scrolls of fog
 n - 4 scrolls of immolation
 x - 2 scrolls of vulnerability
 M - a scroll of fear
Potions
 i - 4 potions of lignification
 s - 2 potions of curing
 u - a potion of flight
 v - a potion of mutation {unknown}
 A - 2 potions of attraction
 C - a potion of haste {unknown}
 J - 2 potions of brilliance
 N - 2 potions of heal wounds


   Skills:
 - Level 5.0 Fighting
 - Level 16.0 Axes
 - Level 7.0 Armour
 + Level 13.2 Shields
 + Level 13.2 Invocations


You had 11 spell levels left.
You didn't know any spells.
Your spell library contained the following spells:

 Spells                   Type           Power      Damage    Failure   Level
 Beastly Appendage        Tmut           0%         N/A       100%        1
 Blink                    Tloc           0%         N/A       100%        2
 Lesser Beckoning         Tloc           0%         N/A       100%        2
 Sublimation of Blood     Necr           0%         N/A       100%        2
 Wereblood                Tmut           0%         N/A       100%        2
 Gell's Gravitas          Tloc           0%         N/A       100%        3
 Spider Form              Tmut/Pois      0%         N/A       100%        3
 Teleport Other           Tloc           0%         N/A       100%        3
 Manifold Assault         Tloc           0%         N/A       100%        4
 Olgreb's Toxic Radiance  Pois           0%         N/A       100%        4
 Conjure Ball Lightning   Conj/Air       0%         3x3d6     100%        6
 Ozocubu's Refrigeration  Ice            0%         4d7       100%        7
 Storm Form               Tmut/Air       0%         N/A       100%        7
 Summon Hydra             Summ           0%         N/A       100%        7
 Discord                  Hex            0%         N/A       100%        8
 Disjunction              Tloc           0%         N/A       100%        8
 Ignition                 Fire           0%         3d3       100%        8


Dungeon Overview and Level Annotations

Branches:
Dungeon (9/15)             Temple (0/1) D:4            Lair (2/5) D:9
  Swamp: Lair:2-3    Shoals: Lair:2-3     Snake: Lair:2-3    Spider: Lair:2-3
    Orc: D:9-12

Altars:
Cheibriados
Elyvilon
Makhleb
Nemelex Xobeh
Qazlal
Uskayaw
Yredelemnul
Zin

Shops:
D:9 !

Annotations:
D:6 1 runed translucent door


Message History

You block the dream sheep's attack.
You slash the elephant!
The elephant is almost dead.
You barely miss the elephant. You slash the elephant!
You hit the dream sheep. x2
You slash the elephant!
You kill the elephant!
Qazlal accepts your kill.
You hit the dream sheep but do no damage.
You barely miss the dream sheep. You slash the elephant!
You completely miss the elephant.
The elephant tramples you but does no damage.
The elephant trunk-slaps you but does no damage.
The elephant tramples you!
You hold your ground!
You block the elephant's attack. You block the dream sheep's attack. x2
The elephant tramples you.
You stumble backwards!
You block the dream sheep's attack.
You can't go up here!
The dream sheep attacks as you move away!
The dream sheep closely misses you.
The dream sheep shake their wool and sparkle.
You feel drowsy...
You fall asleep.
The elephant tramples you!
You wake up.
* * * LOW HITPOINT WARNING * * *
You stumble backwards!
The dream sheep bites you but does no damage.
Unknown command.
The elephant barely misses you. You block the elephant's attack.
You block the elephant's attack. x2
The elephant attacks as you move away! You block the elephant's attack. x2
The elephant attacks as you move away! The elephant tramples you!
* * * LOW HITPOINT WARNING * * *
The elephant trunk-slaps you but does no damage.
The elephant attacks as you move away! You block the elephant's attack.
The elephant trunk-slaps you but does no damage.
The elephant attacks as you move away! You block the elephant's attack.
The elephant completely misses you.
The dream sheep shake their wool and sparkle.
You feel drowsy...
You fall asleep.
The elephant tramples you!!
You die...

...#.###................
.............<..........
........................
................Y.......
.................§......
................Y.......
........................
...............YY§......
................@.......
....................#P#.
..................#####
..................#
...........$......#
...............#.##
................##
..............###
.^...........#.


You could see 2 elephants and 2 dream sheep.

Vanquished Creatures
  2 two-headed ogres
  5 death yaks
  The ghost of GiantSquids the Shooter, a novice BaHu of Gozag (D:6)
  2 black mambas (Lair:2)
  Joseph (Lair:1)
  6 elephants (Lair:2)
  5 cane toads (Lair:1)
  A gargoyle (D:8)
  2 komodo dragons
  A hornet (D:9)
  Grinder (D:5)
  5 dream sheep (Lair:2)
  Sigmund (D:5)
  3 wyverns
  19 yaks
  2 basilisks
  2 steam dragons
  Menkaure (D:4)
  Edmund (D:5)
  2 orc warriors
  5 water moccasins
  2 sky beasts
  An ice beast (D:7)
  2 black bears (D:5)
  3 ogres
  2 centaurs
  2 kobold brigands
  2 necrophages
  4 bullfrogs
  4 scorpions
  5 wights
  An electric eel (Lair:2)
  2 howler monkeys
  4 hounds (D:5)
  3 jellies
  3 gnoll boudas
  2 human zombies (D:6)
  4 quasits (D:6)
  3 orc priests
  A human skeleton (D:6)
  Crazy Yiuf (D:2)
  Natasha (thrice) (D:4)
  An iguana (D:6)
  2 orc wizards (D:9)
  12 gnolls
  7 adders
  A shadow imp (D:7)
  A white imp (D:6)
  2 ufetubi (D:7)
  A worm (D:3)
  21 orcs
  4 bats
  4 endoplasms
  3 giant cockroaches (D:3)
  8 goblins
  6 hobgoblins
  3 quokkas
  10 ball pythons
  2 frilled lizards
  11 kobolds
  5 rats
226 creatures vanquished.

Vanquished Creatures (collateral kills)
  Gastronok (Lair:2)
1 creature vanquished.

Vanquished Creatures (others)
  A bullfrog (Lair:2)
  2 kobolds
  2 fungi (Lair:2)
  7 plants
12 creatures vanquished.

Grand Total: 239 creatures vanquished

Notes
Turn   | Place    | Note
-------+----------+-------------------------------------------
     0 | D:1      | Hubris850 the Hill Orc Fighter began the quest for the Orb.
     0 | D:1      | Reached XP level 1. HP: 19/19 MP: 1/1
   248 | D:1      | Reached skill level 3 in Axes
   248 | D:1      | Reached XP level 2. HP: 27/27 MP: 2/2
   971 | D:2      | Reached XP level 3. HP: 32/33 MP: 3/3
  1141 | D:2      | Found a runed translucent door.
  1142 | D:2      | Noticed Crazy Yiuf
  1149 | D:2      | Killed Crazy Yiuf
  1150 | D:2      | Reached XP level 4. HP: 38/40 MP: 4/4
  1589 | D:3      | Found a snail-covered altar of Cheibriados.
  1640 | D:3      | Found a stormy altar of Qazlal.
  1647 | D:3      | Became a worshipper of Qazlal Stormbringer
  2097 | D:4      | Found a staircase to the Ecumenical Temple.
  2141 | D:4      | Noticed a scorpion
  2148 | D:4      | Killed a scorpion
  2149 | D:4      | Reached skill level 4 in Axes
  2149 | D:4      | Reached skill level 1 in Invocations
  2149 | D:4      | Reached XP level 5. HP: 42/47 MP: 5/5
  2273 | D:4      | Noticed Menkaure
  2284 | D:4      | Killed Menkaure
  2285 | D:4      | Reached skill level 5 in Fighting
  2285 | D:4      | Reached XP level 6. HP: 27/56 MP: 7/7
  2428 | D:4      | Noticed Natasha
  2432 | D:4      | Killed Natasha
  2433 | D:4      | Reached skill level 5 in Axes
  2671 | D:5      | Entered Level 5 of the Dungeon
  2686 | D:4      | Reached XP level 7. HP: 39/61 MP: 7/9
  2741 | D:4      | Noticed Natasha
  2747 | D:4      | Killed Natasha
  2748 | D:4      | Reached skill level 5 in Armour
  2766 | D:4      | Noticed Natasha
  2773 | D:4      | Killed Natasha
  2774 | D:4      | Reached skill level 5 in Shields
  3163 | D:5      | Noticed Grinder
  3166 | D:5      | Paralysed by Grinder for 3 turns
  3176 | D:5      | Killed Grinder
  3177 | D:5      | Reached skill level 6 in Axes
  3177 | D:5      | Reached XP level 8. HP: 55/68 MP: 11/11
  3177 | D:5      | Reached * piety under Qazlal
  3327 | D:5      | Noticed Sigmund
  3345 | D:5      | Reached skill level 5 in Invocations
  3352 | D:5      | Killed Sigmund
  3353 | D:5      | Reached skill level 7 in Axes
  3495 | D:5      | Noticed Edmund
  3530 | D:5      | Killed Edmund
  3755 | D:6      | Reached XP level 9. HP: 67/74 MP: 13/13
  3780 | D:6      | Reached skill level 8 in Axes
  4066 | D:6      | Found a runed translucent door.
  4066 | D:6      | Found a basalt altar of Yredelemnul.
  4178 | D:6      | Noticed GiantSquids's ghost (novice BaHu)
  4195 | D:6      | Found a transporter.
  4219 | D:6      | Found a transporter.
  4225 | D:6      | Reached ** piety under Qazlal
  4388 | D:7      | Found a sparkling altar of Nemelex Xobeh.
  4708 | D:7      | Reached skill level 9 in Axes
  5116 | D:7      | Found a burning altar of Makhleb.
  5182 | D:7      | Found a glowing silver altar of Zin.
  5508 | D:8      | Noticed a gargoyle
  5512 | D:8      | Reached skill level 10 in Axes
  5519 | D:8      | Killed a gargoyle
  5520 | D:8      | Reached skill level 11 in Axes
  5520 | D:8      | Reached XP level 10. HP: 26/81 MP: 16/16
  5719 | D:8      | Found a hide-covered altar of Uskayaw.
  5719 | D:8      | Noticed a +0 spear
  5719 | D:8      | Noticed a +0 falchion
  5719 | D:8      | Noticed a +0 spear
  5720 | D:8      | Noticed a +0 falchion
  5720 | D:8      | Noticed a +0 short sword
  5721 | D:8      | Noticed a +0 short sword
  5721 | D:8      | Noticed a +0 dagger
  5723 | D:8      | Noticed a +0 dagger
  6102 | D:8      | Noticed a two-headed ogre
  6114 | D:8      | Killed a two-headed ogre
  6115 | D:8      | Reached skill level 12 in Axes
  6496 | D:9      | Reached skill level 13 in Axes
  6619 | D:6      | Killed GiantSquids's ghost
  6619 | D:6      | Reached *** piety under Qazlal
  6729 | D:9      | Reached skill level 14 in Axes
  6904 | D:9      | Found a white marble altar of Elyvilon.
  6992 | D:9      | Found a staircase to the Lair.
  6993 | D:9      | Noticed a death yak
  6993 | D:9      | Noticed a death yak
  7145 | D:9      | Noticed a death yak
  7145 | D:9      | Noticed a death yak
  7145 | D:9      | Noticed a death yak
  7189 | D:8      | Killed a death yak
  7190 | D:8      | Reached skill level 15 in Axes
  7190 | D:8      | Reached XP level 11. HP: 71/86 MP: 17/17
  7380 | D:9      | Killed a death yak
  7486 | D:9      | Found Zeziwian's Distillery.
  7625 | D:9      | Killed a death yak
  7653 | D:9      | Killed a death yak
  7654 | D:9      | Reached skill level 16 in Axes
  7654 | D:9      | Reached skill level 10 in Shields
  7682 | D:9      | Killed a death yak
  7958 | D:9      | Noticed a two-headed ogre
  7973 | D:9      | Killed a two-headed ogre
  8262 | Lair:1   | Entered Level 1 of the Lair of Beasts
  8271 | Lair:1   | Noticed Joseph
  8305 | Lair:1   | Killed Joseph
  8817 | Lair:1   | Reached skill level 10 in Invocations
  9181 | Lair:1   | Reached XP level 12. HP: 66/94 MP: 18/20
  9766 | Lair:2   | Noticed Gastronok
 10249 | Lair:2   | Killed Gastronok
 10771 | Lair:2   | Demolished by an elephant

Illustrated notes

Levels and vault maps discovered:
D:1:      dpeg_arrival_leaves_temple_mockup, layout_basic, serial_bayou_lagoon_b
D:2:      layout_basic, uniq_crazy_yiuf_cottage
D:3:      layout_rooms, mainiacjoe_overflow_concentric_impassable,
          lemuel_crystal_altar
D:4:      layout_rooms, temple_statues, uniq_menkaure, uniq_natasha
D:5:      kennysheep_six_static_rooms, layout_rooms, uniq_grinder, uniq_sigmund,
          uniq_edmund
D:6:      layout_rooms, dk_yredelemnul_ordeal, gammafunk_ghost_stat_death
D:7:      layout_gridville, nemelex_xobeh_ov_fountains_minmay, zin_treasury,
          marbit_many_paths, chequers_decorated_corner,
          kennysheep_generic_room_14
D:8:      layout_loops_cross, nicolae_uskayaw_en_pointe
D:9:      layout_roguey, mainiacjoe_overflow_surrounded_room,
          dpeg_lair_monsters, serial_shops, nicolae_shop_crystal
Lair:1:   layout_cellular_growth, grunt_megastairs_3, uniq_joseph
Lair:2:   layout_cave_shapes, nicolae_snake_entry_warm_welcome,
          nicolae_lair_lakeside_cave, uniq_gastronok

Skill      XL: |  1  2  3  4  5  6  7  8  9 10 11 12 |
---------------+-------------------------------------+-----
Axes           | 3 4 5 6 7 11 15 16 | 16.0
Fighting       | 4 5 |  5.0
Armour         | 4 5 6 7 |  7.0
Shields        | 4 5 6 8 11 13 | 13.2
Invocations    | 1 2 3 4 6 8 10 13 | 13.2

Action                     |  1- 3 |  4- 6 |  7- 9 | 10-12 || total
---------------------------+-------+-------+-------+-------++-------
  Melee: War axe           |    76 |    94 |   300 |   510 ||   980
  Throw: Dart              |       |     2 |     2 |     8 ||    12
 Invoke: Elemental Force   |       |       |       |     2 ||     2
         Upheaval          |       |       |       |     4 ||     4
    Use: Potion            |     1 |     1 |     5 |     2 ||     9
         Scroll            |       |     8 |     5 |     8 ||    21
 Armour: Scale mail        |     6 |       |       |       ||     6
         Plate armour      |    36 |    56 |   215 |   279 ||   586
  Dodge: Dodged            |    14 |    13 |    85 |   102 ||   214
  Block: Kite shield       |    27 |    38 |   220 |   377 ||   662
         Buckler           |     3 |       |       |       ||     3

Table legend: (Time is in decaauts)
 A = Elapsed time spent in this place.
 B = Non-inter-level travel time spent in this place.
 C = Inter-level travel time spent in this place.
 D = Time resting spent in this place.
 E = Time spent auto-exploring this place.
 F = Levels seen in this place.
 G = Mean time per level.
                   A        B        C        D        E       F      G
               +--------+--------+--------+--------+--------+-----+--------+
         Total |  10926 |  10533 |    393 |   2381 |   5633 |  11 |  993.3 |
       Dungeon |   8438 |   8084 |    354 |   1358 |   4749 |   9 |  937.6 |
          Lair |   2488 |   2449 |     39 |   1022 |    884 |   2 | 1244.0 |
               +--------+--------+--------+--------+--------+-----+--------+

Top non-repeatable levels by time:
  Lair:1: 1749 daAuts
     D:9: 1392 daAuts
     D:8: 1233 daAuts
     D:7: 1185 daAuts
     D:5: 994 daAuts
     D:1: 804 daAuts
     D:2: 771 daAuts
     D:6: 766 daAuts
  Lair:2: 738 daAuts
     D:4: 736 daAuts
     D:3: 554 daAuts
